Map: Frostline LE

Players

wootwoot - Winner!

  • Race: Protoss Protoss
  • League: Diamond
  • Spawn Location: 1:00

iamTomSawyer

  • Race: Protoss Protoss
  • League: Diamond
  • Spawn Location: 7:00

VOD

Have the link to the VOD?

Description

Time

  • Played on: April 22, 2025, 4:54 a.m.
  • Length: 6:12
Show
View Real Time Build Order
Export as new Build Order

wootwoot Protoss - Winner!

Build Orders:  

Get SALT Encoding   

  12  0:01  Probe  
  13  0:14  Probe  
  14  0:19  Pylon  
  14  0:26  Probe  
  15  0:38  Gateway  
  15  0:41  Assimilator  
  15  0:48  Pylon  
  15  1:08  Gateway  
  15  1:12  Gateway  
  15  1:26  Cybernetics Core  
  15  1:31  Probe  
  16  1:43  Probe  
  17  1:50  Stalker x2  
  21  2:16  Stalker x2  
  25  2:33  Probe  
  26  2:38  Shield Battery  
  26  2:43  Stalker  
  28  2:53  Probe  
  29  2:59  Warp Gate  
  29  3:05  Probe  
  30  3:11  Pylon  
  30  3:17  Probe  
  31  3:29  Probe  
  32  3:35  Robotics Facility  
  32  3:41  Probe  
  27  3:56  Probe  
  27  4:00  Pylon  
  29  4:11  Gateway  
  29  4:12  Warp Prism  
  29  4:16  Assimilator  
  30  4:31  Pylon  
  30  4:34  Pylon  
  30  4:46  Stalker  
  30  4:47  Stalker  
  34  4:54  Pylon  
  34  5:06  Stalker  
  36  5:08  Stalker  
  36  5:10  Stalker  
  39  5:22  Stalker  
  41  5:32  Stalker x2  
  45  5:37  Stalker  
  44  5:53  Adept  
  44  5:55  Adept  
  43  6:03  Zealot  
  46  6:08  Stalker  
Show
View Real Time Build Order
Export as new Build Order

iamTomSawyer Protoss 

Build Orders:  

Get SALT Encoding   

  12  0:00  Probe  
  13  0:15  Pylon  
  13  0:18  Probe  
  14  0:31  Probe  
  14  0:33  Gateway  
  15  0:39  Probe  
  15  0:45  Assimilator  
  15  0:49  Probe  
  17  0:58  Assimilator  
  17  1:21  Cybernetics Core  
  17  1:23  Probe  
  18  1:37  Probe  
  18  1:42  Forge  
  18  1:46  Probe  
  19  1:52  Pylon  
  20  2:00  Assimilator, Probe  
  21  2:11  Stalker  
  21  2:12  Probe  
  21  2:15  Photon Cannon  
  22  2:20  Gateway  
  24  2:33  Pylon, Photon Cannon  
  24  2:43  Photon Cannon  
  24  2:47  Stalker  
  24  3:03  Shield Battery  
  21  3:25  Warp Gate  
  15  3:49  Stalker  
  15  3:51  Stalker  
  15  3:54  Probe  
  20  4:03  Probe  
  21  4:19  Probe  
  22  4:27  Probe  
  22  4:34  Gateway  
  22  4:37  Probe  
  24  4:49  Probe  
  25  5:02  Probe  
  26  5:14  Probe  
  27  5:16  Adept x2  
  27  5:39  Stalker  
  27  5:40  Stalker  
  29  5:53  Stalker  
Tags
 
Matchup
PvP
Replay Pack
#1B2M-Replays
Spawn Locations
Cross Positions
Add a new tag
Caveats
  • Supply blocks, unpowered buildings, or Contaminate may cause inaccurate times.
  • Supply counts are checked every 10 seconds.